 Dungeon Crawl Stone Soup version 0.29.1-2-gbd0b4ee654 (webtiles) character file.

Game seed: 13701265214185466114

145 DildoBatman the Conjurer (level 5, -2/35 HPs)
             Began as a Formicid Conjurer on Nov 21, 2022.
             Succumbed to a scorpion's poison
             ... on level 5 of the Dungeon.
             The game lasted 00:06:42 (3002 turns).

DildoBatman the Conjurer (Formicid Conjurer)        Turns: 3002, Time: 00:06:42

Health: -2/35      AC:  3    Str: 17    XL:     5   Next: 53%
Magic:  1/8        EV: 12    Int: 26    God:
Gold:   194        SH:  0    Dex: 12    Spells: 5/8 levels left

rFire   . . .      SeeInvis +   a - +0 mace (protect)
rCold   . . .      Faith    .   (no shield)
rNeg    . . .      Spirit   .   g - +0 robe
rPois   .          Reflect  .   (helmet unavailable)
rElec   .          Harm     .   (no cloak)
rCorr   .          Rampage  .   e - +0 pair of gloves
Will    .....                   (no boots)
Stlth   ++........              (no amulet)
HPRegen 0.11/turn               q - +6 ring of strength
MPRegen 0.11/turn               r - +6 ring of intelligence

@: lethally poisoned (-2 -> -20)
A: permanent stasis, dig shafts and tunnels, antennae 3, four strong arms
a: Dig, Shaft Self


You were on level 5 of the Dungeon.
You visited 1 branch of the dungeon, and saw 5 of its levels.

You collected 194 gold pieces.

Inventory:

Hand Weapons
 a - a +0 mace of protection (weapon)
Missiles
 f - 46 stones
 l - 8 poisoned darts
Armour
 e - a +0 pair of gloves (worn)
 g - a +0 robe (worn)
 t - the +1 ring mail "Fyd Widgh" {SInv}
   (You found it on level 5 of the Dungeon)

   SInv:      It lets you see invisible.
Magical Staves
 b - a staff of earth
Jewellery
 q - a +6 ring of strength (left hand)
 r - a +6 ring of intelligence (right hand)
Scrolls
 h - a scroll of torment {unknown}
 m - 2 scrolls of identify {unknown}
 o - a scroll of poison {unknown}
 p - a scroll of magic mapping {unknown}
 s - a scroll of blinking {unknown}
Potions
 c - 4 potions of attraction {unknown}
 d - 2 potions of curing {unknown}
 i - 2 potions of haste {unknown}
 j - a potion of magic
 k - 2 potions of brilliance {unknown}
 n - a potion of cancellation {unknown}


   Skills:
 - Level 1.7 Dodging
 - Level 2.4 Stealth
 - Level 2.1 Spellcasting
 * Level 5.8 Conjurations


You had 5 spell levels left.
You knew the following spells:

 Your Spells              Type           Power      Damage    Failure   Level
a - Searing Ray           Conj           66%        2d6       1%          2
c - Magic Dart            Conj           100%       1d8       1%          1

Your spell library contained the following spells:

 Spells                   Type           Power      Damage    Failure   Level
 Dazzling Flash           Conj/Hex       36%        N/A       10%         3
 Fulminant Prism          Conj/Hex       9%         3d7       30%         4
 Iskenderun's Mystic Bla  Conj/Tloc      18%        2d6       30%         4


Dungeon Overview and Level Annotations

Branches:
Dungeon (4/15)
 Temple: D:4-7

Altars:
Fedhas
Trog
The Shining One

Annotations:
D:1 Natasha
D:2 1 runed translucent door, Crazy Yiuf


Innate Abilities, Weirdness & Mutations

You cannot be hasted, slowed, berserked, paralysed or teleported.
You can dig through walls and to a lower floor.
You have a pair of large antennae on your head. (SInv)
Your four strong arms can wield two-handed weapons with a shield.


Message History

The scorpion barely misses you.
Casting: Searing Ray (safe; 1% risk of failure)
Confirm with . or Enter, or press ? or * to list all spells.
Aiming: Searing Ray (safe; 1% risk of failure)
Press: ? - help, Shift-Dir - straight line, f/p - scorpion
Aim: a scorpion (heavily wounded, 81% to hit)
The searing ray misses the scorpion. (Press . to maintain the ray.)
The orc shouts!
You hear a shout!
The scorpion stings you. x2
You are poisoned.
The scorpion poisons you!
The searing ray hits the scorpion.
The scorpion is heavily wounded.
The searing ray hits the orc!
You kill the orc!
You feel sick. The scorpion barely misses you.
An orc comes into view. It is wielding a +0 club.
Without enough magic to sustain it, your searing ray dissipates.
You feel sick. The scorpion stings you.
You are more poisoned.
The scorpion poisons you!
An orc comes into view. It is wielding a +0 club.
You feel very sick. The scorpion attacks as you move away!
The scorpion stings you.
You are lethally poisoned!
The scorpion poisons you!
You feel very sick.
An orc opens the door.
Are you sure you want to shaft yourself?
You feel very sick. The scorpion stings you.
The scorpion stings you but does no damage.
You begin to dig a shaft.
You continue digging a shaft.
You die...

####... .....###
#..... ......#
...... .
.....######....# ..#
.{{ #.......... ...#
#####'###....o#.
.##....
#......##..o..#.
.....
#......'......o.#..#
#......##.....##@.#
#......##..)..os..#
#......####.......#{
#......# #......?#
#......# #...###..#
#......# #...# #....
#......# #...# ....#
#......# #...# ....#
#...# ....


You could see a scorpion and 3 orcs.

Vanquished Creatures
  7 adders
  A worm (D:4)
  A dart slug (D:1)
  6 orcs
  3 bats
  6 endoplasms
  4 giant cockroaches
  6 goblins (D:1)
  6 hobgoblins
  5 jackals
  9 kobolds
  A quokka (D:1)
  3 ball pythons (D:1)
  3 frilled lizards
  5 rats
66 creatures vanquished.

Vanquished Creatures (others)
  6 fungi
  3 plants (D:3)
9 creatures vanquished.

Grand Total: 75 creatures vanquished

Notes
Turn   | Place    | Note
-------+----------+-------------------------------------------
     0 | D:1      | DildoBatman the Formicid Conjurer began the quest for the
                  | Orb.
     0 | D:1      | Reached XP level 1. HP: 13/13 MP: 3/3
   195 | D:1      | Reached XP level 2. HP: 19/19 MP: 0/5
   203 | D:1      | Learned a level 2 spell: Searing Ray
   219 | D:1      | Reached skill level 4 in Conjurations
   524 | D:1      | Reached XP level 3. HP: 17/24 MP: 2/6
  1114 | D:2      | Reached XP level 4. HP: 30/30 MP: 5/7
  1182 | D:2      | Found a runed translucent door.
  1183 | D:2      | Noticed Crazy Yiuf
  1227 | D:2      | Noticed Natasha
  1936 | D:2      | Reached skill level 5 in Conjurations
  2239 | D:3      | Found a blossoming altar of Fedhas.
  2384 | D:3      | Found a glowing golden altar of the Shining One.
  2548 | D:3      | Reached XP level 5. HP: 35/35 MP: 4/8
  2721 | D:3      | Found a bloodstained altar of Trog.
  2843 | D:3      | Found a faded altar of an unknown god.
  2946 | D:4      | You fall into a shaft and drop 1 floor!
  2946 | D:5      | Entered Level 5 of the Dungeon
  2948 | D:5      | Identified the +1 ring mail "Fyd Widgh" {SInv}
  3002 | D:5      | Succumbed to a scorpion's poison

Illustrated notes

Levels and vault maps discovered:
D:1:      minmay_arrival_semitransparent, layout_loops_cross
D:2:      layout_basic, uniq_natasha, uniq_crazy_yiuf_cottage
D:3:      layout_rooms, lightli_temple_of_fire,
          mainiacjoe_overflow_six_doors_small, nicolae_tso_carved_into_rock,
          dreamdust_ecumenical_altar_grove
D:4:      corexii_shack_village, layout_rooms, mainiacjoe_overflow_24_doors,
          abandoned_shop, chequers_serial_rivers_small_a, st_stairs_4,
          minivault_19, uniq_sigmund
D:5:      layout_basic, minmay_temple_entry_statues_pillars,
          minmay_joined_circles

Skill      XL: |  1  2  3  4 |
---------------+-------------+-----
Conjurations   | 4 5 |  5.8
Dodging        | |  1.7
Stealth        | |  2.4
Spellcasting   | |  2.1

Action                   |  1- 3 |  4- 6 || total
-------------------------+-------+-------++-------
Melee: Falchion          |    13 |       ||    13
       Mace              |       |    15 ||    15
 Cast: Magic Dart        |    62 |    49 ||   111
       Searing Ray       |     1 |     7 ||     8
 Abil: Dig               |       |     1 ||     1
       Shaft Self        |       |     1 ||     1
 Stab: Sleeping          |     1 |     1 ||     2
Armor: Robe              |    10 |    15 ||    25
Dodge: Dodged            |    15 |    31 ||    46
